Map: 승천의 사슬

Players

테라진

  • Race: Zerg Zerg
  • Spawn Location: 11:00

마버로아

  • Race: Zerg Zerg

VOD

Have the link to the VOD?

Description

Time

  • Played on: Oct. 7, 2017, 12:05 p.m.
  • Length: 21:26
Show
View Real Time Build Order
Export as new Build Order

테라진 Zerg 

Build Orders:  

Get SALT Encoding   

  6  0:09  Drone x2  
  7  0:18  Drone x2  
  8  0:27  Drone x2  
  9  0:36  Drone x2  
  10  0:45  Extractor  
  6  0:50  Drone x2  
  10  1:09  Spawning Pool  
  10  1:18  Drone x2, Extractor  
  10  1:25  Drone x2  
  11  1:33  Centrifical Hooks  
  11  1:47  Baneling Nest  
  11  1:48  Drone x2  
  12  1:53  Drone x2  
  13  2:01  Overlord  
  13  2:09  Drone x2  
  14  2:30  Drone x2  
  14  2:37  Evolution Chamber  
  14  2:43  Metabolic Boost  
  14  2:48  Drone x2  
  17  2:57  Overlord  
  19  3:22  Heroic Fortitude  
  19  3:25  Drone x4  
  19  3:26  Overlord  
  21  3:36  Evolution Chamber  
  21  3:44  Lair  
  25  4:35  Drone x2  
  25  5:03  Hatchery  
  25  5:06  Extractor  
  24  5:12  Extractor  
  26  5:22  Hive  
  26  5:29  Corrosive Acid  
  26  5:30  Scourge Nest  
  29  6:28  Drone x6  
  29  6:48  Swarmling x3  
  29  6:49  Swarmling x6  
  25  6:56  Drone x2  
  25  6:57  Drone x2  
  27  7:07  Drone x2  
  28  7:10  Medusa Blades  
  28  7:11  Zerg Melee Weapons Level 1  
  28  7:12  Simplified Genome  
  30  7:21  Drone x2  
  30  7:23  Overlord x2  
  30  7:29  Hatchery  
  28  7:57  Drone x4  
  30  8:02  Hatchery  
  30  8:07  Hatchery  
  29  8:12  Virulent Spores  
  29  8:17  Scourge x10  
  29  8:19  Swarmling x12  
  26  9:11  Swarmling x3  
  26  9:12  Swarmling x24  
  39  9:22  Drone x2  
  40  9:31  Hatchery  
  40  9:32  Rupture  
  40  9:34  Hardened Carapace  
  39  10:05  Zerg Flyer Weapons Level 1  
  39  10:06  Zerg Melee Weapons Level 2  
  39  10:07  Zerg Ground Armor Level 1  
  39  10:18  Overlord  
  39  10:19  Overlord x2  
  41  10:20  Overlord x2  
  41  10:21  Overseer x4  
  41  10:34  Adrenal Overload  
  41  10:44  Swarmling x24  
  41  10:45  Scourge x18  
  64  10:54  Swarmling x12  
  64  10:57  Scourge x4  
  72  11:34  Shredding Claws  
  69  11:48  Roach x6  
  69  11:49  Roach x12  
  61  11:50  Roach x2  
  61  11:57  Swarmling x3  
  61  11:58  Swarmling x24, Scourge x14  
  61  11:59  Scourge x10  
  82  12:04  Swarmling x3  
  82  12:05  Swarmling x12  
  82  12:06  Overlord x2  
  60  12:38  Swarmling x33  
  60  12:39  Swarmling x6  
  46  12:45  Swarmling x3  
  46  12:46  Swarmling x15  
  41  13:18  Scourge x8  
  41  13:19  Swarmling x27, Scourge x2  
  60  13:20  Scourge x16  
  66  13:33  Zerg Melee Weapons Level 3  
  66  13:34  Zerg Ground Armor Level 2  
  66  13:38  Scourge x2  
  66  13:39  Scourge x6  
  49  14:00  Swarmling x3  
  49  14:01  Swarmling x18  
  49  14:02  Scourge x4  
  49  14:03  Scourge x8  
  49  14:09  Swarmling x18  
  71  14:30  Swarmling x3  
  71  14:31  Swarmling x12  
  80  14:51  Scourge x8  
  80  14:52  Scourge x22  
  95  15:07  Scourge x2  
  95  15:08  Scourge x26  
  49  15:34  Swarmling x15  
  49  15:35  Swarmling x21  
  65  15:51  Swarmling x30  
  71  16:01  Swarmling x12  
  71  16:02  Swarmling x9  
  81  16:14  Scourge x2  
  81  16:15  Scourge x22  
  78  16:28  Roach x10  
  78  16:29  Roach x10  
  78  16:40  Scourge x12  
  78  16:41  Scourge x26  
  90  17:03  Overseer x2  
  90  17:07  Swarmling x3  
  90  17:08  Swarmling x15  
  87  17:24  Swarmling x24  
  54  17:49  Swarmling x36  
  59  17:50  Swarmling x3  
  53  18:01  Swarmling x18  
  53  18:02  Swarmling x12  
  53  18:05  Overseer x2  
  61  18:18  Swarmling x15, Scourge x2  
  60  18:38  Scourge x2  
  60  18:39  Scourge x6  
  64  18:40  Scourge x2  
  64  18:41  Scourge x2  
  64  18:42  Scourge x2  
  64  18:43  Scourge x2  
  70  19:03  Scourge x14  
  73  19:11  Scourge x2  
  73  19:12  Scourge x16  
  73  19:13  Scourge x2  
  65  19:21  Scourge x6  
  65  19:22  Scourge x10  
  65  19:27  Swarmling x6  
  57  19:32  Roach x16  
  57  19:33  Roach x4, Swarmling x3  
  57  19:34  Swarmling x6  
  58  19:46  Swarmling x18  
Show
View Real Time Build Order
Export as new Build Order

마버로아 Zerg 

Build Orders:  

Get SALT Encoding   

  18  0:07  Primal Drone  
  18  0:48  Primal Drone x2  
  18  0:49  Primal Drone x2  
  22  0:51  Primal Drone  
  23  1:11  Primal Drone  
  24  1:30  Primal Drone  
  25  2:10  Primal Drone x2  
  25  2:11  Primal Drone  
  28  2:35  Extractor  
  28  2:36  Extractor  
  28  4:55  Primal Drone x3  
  28  4:56  Primal Drone x2  
  34  7:28  Primal Warden  
  36  7:31  Primal Drone, Primal Warden  
  36  7:32  Primal Drone x4  
  36  7:34  Primal Warden  
  36  7:36  Primal Warden  
  42  9:57  Glevig's Den  
  41  12:36  Primal Drone  
  41  12:37  Primal Drone, Murvar's Den  
  42  14:51  Dakrun's Den  
  40  15:35  Primal Drone x2  
  23  17:26  Primal Hive  
  23  17:28  Extractor x2  
  23  18:14  Primal Warden  
  24  18:50  Primal Drone  
  24  18:51  Primal Drone x4  
  34  19:00  Primal Hive  
Tags
 
Add a new tag
Caveats
  • Supply blocks, unpowered buildings, or Contaminate may cause inaccurate times.
  • Supply counts are checked every 10 seconds.